 Dungeon Crawl Stone Soup version 0.28-a0-938-gbc3f381ebc (webtiles) character file.

Game seed: 13940029101476254237

216 Syrorian the Skirmisher (level 5, -1/46 HPs)
             Began as a Draconian Fighter on Nov 29, 2021.
             Killed from afar by an orc wizard (6 damage)
             ... with a magic dart
             ... on level 4 of the Dungeon.
             The game lasted 00:29:09 (3397 turns).

Syrorian the Skirmisher (Draconian Fighter)         Turns: 3397, Time: 00:29:10

Health: -1/46      AC:  6    Str: 19    XL:     5   Next: 61%
Magic:  5/5        EV: 10    Int:  8    God:
Gold:   226        SH:  8    Dex: 11    Spells: 4/4 levels left

rFire   . . .      SeeInvis .   a - +0 flail
rCold   . . .      Faith    .   d - +0 kite shield
rNeg    . . .      Spirit   .   (armour unavailable)
rPois   .          Reflect  .   (helmet restricted)
rElec   .          Harm     .   (no cloak)
rCorr   .          Rampage  .   m - +0 pair of gloves
Will    .....                   (no boots)
Stlth   ++........              h - amulet of regeneration
HPRegen 0.95/turn               (no ring)
MPRegen 0.09/turn               (no ring)

@: no status effects
A: AC +5, unfitting armour, cold-blooded
a: no special abilities


You were on level 4 of the Dungeon.
You visited 1 branch of the dungeon, and saw 4 of its levels.

You collected 226 gold pieces.

Inventory:

Hand Weapons
 a - a +0 flail (weapon)
 s - a +0 longbow
 t - a +0 hunting sling
Missiles
 g - 17 sling bullets
 n - 47 stones (quivered)
 x - 27 bolts
Armour
 b - a +0 buckler
 d - a +0 kite shield (worn)
 e - a +0 ring mail
 j - a +0 leather armour
 m - a +0 pair of gloves (worn)
 q - a +0 leather armour
 r - a +0 scale mail
 z - a +0 scale mail
 A - a +0 robe
Jewellery
 h - an amulet of regeneration (around neck)
Wands
 u - a wand of polymorph (17)
Scrolls
 i - a scroll of identify {unknown}
 k - a scroll of blinking {unknown}
 l - a scroll of immolation {unknown}
 o - a scroll of fog {unknown}
 p - a scroll of acquirement {unknown}
 v - a scroll of magic mapping {unknown}
 y - a scroll of vulnerability {unknown}
Potions
 c - a potion of might
 f - 3 potions of curing
 w - a potion of cancellation {unknown}


   Skills:
 + Level 4.2 Fighting
 + Level 3.5 Maces & Flails
 + Level 3.7 Dodging
 * Level 1.3 Stealth
 + Level 3.6 Shields


You had 4 spell levels left.
You didn't know any spells.
Your spell library was empty.

Dungeon Overview and Level Annotations

Branches:
Dungeon (4/15)
 Temple: D:4-7

Altars:
Sif Muna
Xom


Innate Abilities, Weirdness & Mutations

Your plain brown scales are hard. (AC +5)
You cannot fit into any form of body armour.
You are cold-blooded and may be slowed by cold attacks.


Message History

You hear some strange, mumbled words.
Something tries to affect you, but you resist.
The orc wizard hits you with a +0 dagger.
* * * LOW HITPOINT WARNING * * *
Unknown command.
You hit something.
Reactivating autopickup.
You feel a bit more experienced. You block the orc's attack.
The orc wizard gestures wildly while chanting.
The orc wizard flickers and vanishes!
Deactivating autopickup; reactivate with Ctrl-A.
You block the orc's attack.
You closely miss something. Something hits you.
* * * LOW HITPOINT WARNING * * *
The orc hits you but does no damage.
Unknown command.
You hit the orc.
The orc is severely wounded.
Something hits you.
* * * LOW HITPOINT WARNING * * *
You block the orc's attack.
You hear some strange, mumbled words.
A magic dart appears from out of thin air!
The magic dart hits you but does no damage.
The orc hits you with a +0 dagger.
* * * LOW HITPOINT WARNING * * *
You hit the orc.
Your tail-slap misses the orc.
The orc is almost dead.
Something hits you but does no damage. The orc hits you but does no damage.
Unknown command.
You barely miss the orc. You tail-slap the orc.
You kill the orc!
Something hits you but does no damage. You block something's attack.
Unknown command.
Unknown command.
You closely miss something.
You hear some strange, mumbled words.
A magic dart appears from out of thin air!
The magic dart hits you.
You die...

#####
#.♣♣♣♣♣♣♣.....#.#.#.#
##_##
#.............#.#.#.#
#8...8
#.............#.#.#.#
#.....
##.......###.......#.#
8.....8#...##.###
#.###.###.#
#$)...##...##.# #.#
#.....# #8...8##...##.#
#.#########
#.....##...##.#####.....#
8.....8#...##..{@######.#
#.....##........))......#
#8.[.8 #...##....########
##>## #.........#
########...##..#####.# #
#........##........# #
#........##...#..... #
##............# ####
####.....##.#.#.#


There were no monsters in sight!

Vanquished Creatures
  A hound (D:4)
  An iguana (D:4)
  An orc wizard (D:4)
  6 adders
  A worm (D:2)
  A dart slug (D:3)
  3 orcs (D:4)
  2 bats (D:1)
  7 endoplasms
  4 giant cockroaches
  5 goblins
  9 hobgoblins
  9 jackals
  A kobold (D:2)
  6 quokkas
  7 ball pythons
  2 frilled lizards (D:2)
  5 rats
71 creatures vanquished.

Vanquished Creatures (others)
  5 plants (D:4)
5 creatures vanquished.

Grand Total: 76 creatures vanquished

Notes
Turn   | Place    | Note
-------+----------+-------------------------------------------
     0 | D:1      | Syrorian the Draconian Fighter began the quest for the Orb.
     0 | D:1      | Reached XP level 1. HP: 19/19 MP: 1/1
    41 | D:1      | Found a faded altar of an unknown god.
   345 | D:1      | Reached XP level 2. HP: 26/26 MP: 2/2
   824 | D:2      | Reached XP level 3. HP: 33/33 MP: 3/3
  1411 | D:3      | Reached skill level 4 in Fighting
  1594 | D:3      | Reached XP level 4. HP: 40/40 MP: 4/4
  1600 | D:3      | Found a shimmering altar of Xom.
  2272 | D:4      | Reached XP level 5. HP: 34/46 MP: 5/5
  2392 | D:4      | Reached skill level 1 in Stealth
  2929 | D:4      | Found a shimmering blue altar of Sif Muna.
  3388 | D:4      | HP: 2/46 [something (3)]
  3393 | D:4      | HP: 1/46 [something (3)]
  3397 | D:4      | Killed from afar by an orc wizard

Illustrated notes

Levels and vault maps discovered:
D:1:      mrwooster_arrival_statue_2, layout_loops_cross,
          ebering_ecumenical_altar_sacrificial
D:2:      layout_basic
D:3:      wander_river, layout_loops_ring, mainiacjoe_overflow_paths,
          st_stairs_13
D:4:      layout_basic, nicolae_overflow_hidden_temple, serial_forest,
          infiniplex_forest_lined_2, infiniplex_forest_lined_corner,
          infiniplex_forest_lined_room_, infiniplex_forest_end_2,
          infiniplex_forest_clump_medium, infiniplex_forest_clump_long,
          infiniplex_forest_zigzag_2

Skill      XL: |  1  2  3  4  5 |
---------------+----------------+-----
Dodging        | 3 |  3.7
Fighting       | 4 |  4.2
Maces & Flails | 3 |  3.5
Stealth        | 1 |  1.3
Shields        | |  3.6

Action                   |  1- 3 |  4- 6 || total
-------------------------+-------+-------++-------
Melee: Flail             |   118 |   237 ||   355
       Tailslap          |     8 |    29 ||    37
Throw: Stone             |       |     3 ||     3
  Use: Potion            |     1 |       ||     1
 Stab: Sleeping          |     1 |     1 ||     2
Armor: Skin              |    34 |   124 ||   158
Dodge: Dodged            |    60 |   121 ||   181
Block: Kite shield       |    66 |   123 ||   189

Table legend: (Time is in decaauts)
 A = Elapsed time spent in this place.
 B = Non-inter-level travel time spent in this place.
 C = Inter-level travel time spent in this place.
 D = Time resting spent in this place.
 E = Time spent auto-exploring this place.
 F = Levels seen in this place.
 G = Mean time per level.
                   A        B        C        D        E       F      G
               +--------+--------+--------+--------+--------+-----+--------+
         Total |   3582 |   3582 |      0 |      0 |    111 |   4 |  895.5 |
       Dungeon |   3582 |   3582 |      0 |      0 |    111 |   4 |  895.5 |
               +--------+--------+--------+--------+--------+-----+--------+

Top non-repeatable levels by time:
     D:4: 1435 daAuts
     D:2: 847 daAuts
     D:3: 691 daAuts
     D:1: 609 daAuts
